Map: Disco Bloodbath LE

Players

Federer

  • Race: Terran Terran
  • League: Diamond
  • Spawn Location: 9:00

Freak - Winner!

  • Race: Protoss Protoss
  • League: Master
  • Spawn Location: 3:00

VOD

Have the link to the VOD?

Description

Time

  • Played on: Oct. 23, 2019, 8:58 p.m.
  • Length: 5:23
Show
View Real Time Build Order
Export as new Build Order

Federer Terran 

Build Orders:  

Get SALT Encoding   

  12  0:00  SCV  
  13  0:13  SCV  
  14  0:17  Supply Depot  
  14  0:25  SCV  
  15  0:38  SCV  
  15  0:39  Barracks  
  16  0:50  SCV  
  17  1:02  SCV  
  18  1:15  SCV  
  19  1:26  Marine  
  19  1:27  Orbital Command  
  20  1:33  Command Center  
  20  1:39  Supply Depot  
  20  1:49  Marine  
  20  1:53  Barracks  
  21  1:56  SCV  
  22  2:07  Marine, Barracks  
  23  2:14  SCV  
  24  2:17  Refinery  
  24  2:20  Refinery  
  24  2:25  Marine  
  24  2:26  SCV  
  26  2:38  SCV  
  26  2:42  Marine  
  28  2:44  Marine  
  28  2:46  Orbital Command  
  28  2:51  SCV  
  30  2:56  Barracks Tech Lab  
  30  3:01  Marine  
  30  3:02  Marine  
  30  3:03  SCV  
  33  3:10  Factory  
  33  3:14  SCV  
  33  3:15  SCV  
  33  3:17  Marine  
  33  3:19  Marine  
  37  3:21  Marine  
  37  3:26  SCV  
  39  3:27  SCV  
  39  3:32  Supply Depot  
  40  3:37  Marine, Engineering Bay  
  40  3:38  SCV  
  40  3:40  SCV  
  43  3:45  Marine x2  
  45  3:50  SCV  
  45  3:52  Refinery  
  45  3:54  Marine, SCV  
  48  3:56  Supply Depot  
  48  3:59  Factory Reactor  
  48  4:02  SCV  
  49  4:05  Starport  
  49  4:14  Missile Turret  
  49  4:16  SCV x2  
  50  4:29  Marauder  
  50  4:30  Marine x2  
  51  4:39  SCV  
  51  4:42  Supply Depot  
  52  4:47  Marine x2  
  52  4:51  Marauder  
Show
View Real Time Build Order
Export as new Build Order

Freak Protoss - Winner!

Build Orders: 1 Gate Expand 

Get SALT Encoding   

  12  0:00  Probe  
  13  0:13  Probe  
  14  0:17  Pylon  
  14  0:25  Probe (Chrono Boost)  
  15  0:37  Gateway, Probe (Chrono Boost)  
  15  0:41  Assimilator  
  16  0:44  Probe (Chrono Boost)  
  17  0:53  Probe  
  18  1:05  Probe  
  19  1:17  Probe  
  20  1:21  Nexus  
  20  1:29  Probe  
  21  1:34  Cybernetics Core  
  21  1:41  Probe  
  21  1:45  Assimilator  
  21  1:53  Pylon  
  21  1:58  Zealot (Chrono Boost)  
  23  2:11  Warp Gate, Probe  
  24  2:23  Robotics Facility  
  24  2:32  Probe (Chrono Boost)  
  24  2:34  Stalker  
  28  2:37  Probe (Chrono Boost)  
  28  2:44  Probe (Chrono Boost)  
  29  2:47  Probe (Chrono Boost)  
  29  2:50  Probe (Chrono Boost)  
  30  2:54  Probe  
  31  2:58  Probe  
  31  3:04  Stalker  
  34  3:09  Warp Prism (Chrono Boost)  
  37  3:16  Gateway  
  36  3:23  Gateway  
  36  3:33  Gateway  
  36  3:42  Gateway  
  36  3:52  Gateway  
  36  4:02  Pylon  
  36  4:16  Stalker x2  
  38  4:37  Stalker x3  
  44  4:40  Probe x2 (Chrono Boost)  
  44  4:42  Pylon  
  44  4:43  Stalker x2  
  50  5:04  Stalker x4  
Tags
 
Add a new tag
Caveats
  • Supply blocks, unpowered buildings, or Contaminate may cause inaccurate times.
  • Supply counts are checked every 10 seconds.